 Dungeon Crawl Stone Soup version 0.31.0-9-g3a7656b989 (webtiles) character file.

Game seed: 18182874401946985723

131 qw the Skirmisher (level 4, -3/25 HPs)
             Began as a Deep Elf Hunter on Feb 2, 2024.
             Killed from afar by an orc wizard (7 damage)
             ... with a puff of flame
             ... on level 2 of the Dungeon.
             The game lasted 00:00:07 (1931 turns).

qw the Skirmisher (Deep Elf Hunter)                 Turns: 1931, Time: 00:00:07

Health: -3/25      AC:  5    Str: 10    XL:     4   Next: 91%
Magic:  6/6        EV: 12    Int: 14    God:
Gold:   154        SH:  0    Dex: 18    Spells: 3/3 levels left

rFire   . . .        a - +1 shortbow
rCold   . . .        (shield currently unavailable)
rNeg    + . .        c - +0 leather armour
rPois   .            d - +2 hat
rElec   .            (no cloak)
rCorr   .            (no gloves)
SInv    .            (no boots)
Will    .....        g - amulet of the acrobat
Stlth   ++           f - ring of positive energy
HPRegen 0.24/turn    (no ring)
MPRegen 0.10/turn

%: acrobat
@: no status effects
A: no striking features
a: no special abilities


You were on level 2 of the Dungeon.
You visited 1 branch of the dungeon, and saw 3 of its levels.

You collected 154 gold pieces.


   Skills:
 - Level 1.5 Fighting
 + Level 8.3 Ranged Weapons
 - Level 2.4 Dodging
 - Level 1.2 Stealth


You had 3 spell levels left.
You didn't know any spells.
Your spell library was empty.

Inventory:

Hand Weapons
 a - a +1 shortbow (weapon)
Armour
 c - a +0 leather armour (worn)
 d - a +2 hat (worn)
 h - a +0 ring mail
Jewellery
 f - a ring of positive energy (left hand)
 g - an amulet of the acrobat (around neck)
Scrolls
 j - a scroll of immolation {unknown}
Potions
 b - 3 potions of curing
 e - a potion of resistance {unknown}
 i - a potion of enlightenment

Dungeon Overview and Level Annotations

Branches:
Dungeon (3/15)

Altars:
Trog


Message History

Reactivating autopickup.
There is a stone staircase leading down here.
You start resting.
Something completely misses you. Something closely misses you.
Something hits you.
Deactivating autopickup; reactivate with Ctrl-A.
Autopickup is now on.
You start resting.
You hear some strange, mumbled words.
Deactivating autopickup; reactivate with Ctrl-A.
Something tries to affect you, but you resist.
Autopickup is now on.
You start resting.
You hear some strange, mumbled words.
Deactivating autopickup; reactivate with Ctrl-A.
Something tries to affect you, but you resist.
Autopickup is now on.
You start resting.
Something completely misses you.
An orc wizard appears from thin air!
The orc wizard hits you with a +0 dagger.
You shoot an arrow.
The arrow closely misses the orc wizard.
The orc wizard casts a spell at you. You resist with some effort.
You shoot an arrow. The arrow hits the orc wizard.
The orc wizard is moderately wounded.
The orc wizard hits you but does no damage.
You shoot an arrow. The arrow barely misses the orc wizard.
The orc wizard closely misses you.
You shoot an arrow. The arrow hits the orc wizard.
The orc wizard is heavily wounded.
The orc wizard hits you with a +0 dagger.
You shoot an arrow. The arrow hits the orc wizard.
The orc wizard is heavily wounded.
The orc wizard hits you with a +0 dagger.
The orc wizard casts a spell at you. The puff of flame hits you!
You die...

#.### ##+## #.# #..##..# #.#
#.# #.# #......# #.#
######.# #####.####.##.##
#.# #...##.###...#......<..#
#.###..........#.######.####
...##........#...# #.#
#.#.##.##...###.## #.#
#.##.#.###.## #.#######.#
#......# ### #o@.......#
.#.##### ########### #.##
###


You could see an orc wizard.

Vanquished Creatures
  An orc priest (D:3)
  An orc wizard (D:3)
  An adder (D:2)
  2 ribbon worms (D:2)
  A dart slug (D:1)
  5 orcs (D:3)
  4 ball pythons
  4 endoplasms
  5 giant cockroaches
  3 hobgoblins
  3 quokkas
  9 bats
  A frilled lizard (D:2)
  10 goblins
  2 kobolds (D:2)
  4 rats
56 creatures vanquished.

Notes
Turn   | Place    | Note
-------+----------+-------------------------------------------
     0 | D:1      | qw the Deep Elf Hunter began the quest for the Orb.
     0 | D:1      | Reached XP level 1. HP: 12/12 MP: 3/3
     0 | D:1      | 0 ||| qw: Version: 0.3-a-155-g5e7d8dd
     0 | D:1      | 0 ||| qw: Game counter: 1911
     0 | D:1      | 0 ||| qw: Melee chars always use a shield: true
     0 | D:1      | 0 ||| qw: God list: Okawaru
     0 | D:1      | 0 ||| qw: Allow faded altars: false
     0 | D:1      | 0 ||| qw: Do Orc after clearing Dungeon:15 true
     0 | D:1      | 0 ||| qw: Do second Lair branch before Depths: true
     0 | D:1      | 0 ||| qw: Lair rune preference: random
     0 | D:1      | 0 ||| qw: Goals: Normal
     0 | D:1      | 0 ||| PLANNING D:1-11
   110 | D:1      | Reached skill level 6 in Ranged Weapons
   110 | D:1      | Reached XP level 2. HP: 16/16 MP: 4/4
   502 | D:1      | Found a bloodstained altar of Trog.
   528 | D:1      | 528 ||| UPGRADING to amulet of the acrobat.
   533 | D:1      | 533 ||| READING scroll labelled XIAPOI JOETYUS.
   533 | D:1      | 533 ||| IDENTIFYING fuming white potion
   534 | D:1      | 534 ||| READING 2 scrolls labelled WAWNIGG RI XOU.
   535 | D:1      | 535 ||| READING scroll labelled VER FAUH JOH.
   535 | D:1      | 535 ||| ENCHANTING +0 shortbow.
   536 | D:1      | 536 ||| READING scroll labelled UFUIRA ZAVO.
   536 | D:1      | Identified a scroll of acquirement
   536 | D:1      | 536 ||| ACQUIRING +2 hat
   536 | D:1      | Acquired a +2 hat
   538 | D:1      | 538 ||| UPGRADING to +2 hat.
   543 | D:1      | 543 ||| READING scroll labelled NYPNIM WIEN.
   644 | D:1      | 644 ||| DROPPING scroll of butterflies.
   645 | D:1      | 645 ||| DROPPING scroll of revelation.
   899 | D:2      | Reached XP level 3. HP: 20/20 MP: 5/5
   943 | D:2      | Reached skill level 7 in Ranged Weapons
  1200 | D:2      | Found a faded altar of an unknown god.
  1596 | D:2      | 1596 ||| UPGRADING to ring of positive energy.
  1597 | D:2      | 1597 ||| DROPPING ring of magical power.
  1598 | D:2      | 1598 ||| DRINKING 3 pink potions.
  1648 | D:3      | Reached XP level 4. HP: 15/25 MP: 6/6
  1890 | D:3      | Reached skill level 8 in Ranged Weapons
  1890 | D:3      | 1890 ||| FLEEEEING.
  1891 | D:3      | 1891 ||| FLEEEEING.
  1892 | D:3      | 1892 ||| FLEEEEING.
  1893 | D:3      | 1893 ||| FLEEEEING.
  1894 | D:3      | 1894 ||| FLEEEEING.
  1895 | D:3      | 1895 ||| FLEEEEING.
  1896 | D:3      | 1896 ||| FLEEEEING.
  1897 | D:3      | 1897 ||| FLEEEEING.
  1898 | D:3      | 1898 ||| FLEEEEING.
  1899 | D:3      | 1899 ||| FLEEEEING.
  1900 | D:3      | 1900 ||| FLEEEEING.
  1907 | D:3      | 1907 ||| FLEEEEING.
  1909 | D:3      | 1909 ||| FLEEEEING.
  1910 | D:3      | 1910 ||| FLEEEEING.
  1911 | D:3      | 1911 ||| FLEEEEING.
  1912 | D:3      | 1912 ||| FLEEEEING.
  1914 | D:3      | 1914 ||| FLEEEEING.
  1915 | D:3      | 1915 ||| FLEEEEING.
  1916 | D:3      | 1916 ||| FLEEEEING.
  1917 | D:3      | 1917 ||| FLEEEEING.
  1918 | D:3      | 1918 ||| STAIRDANCE
  1930 | D:2      | HP: 6/25 [orc wizard/+0 dagger (3)]
  1931 | D:2      | Killed from afar by an orc wizard

Levels and vault maps discovered:
D:1:      dpeg_arrival_water_altar, layout_basic, hangedman_feature_mirror,
          amcnicky_mini_rare_corridor_liquid
D:2:      layout_loops_corners, hellmonk_ecumenical_altar_leap_of_faith,
          corner_web_ring, supply_closet_lemuel
D:3:      layout_rooms

Skill      XL: |  1  2  3  4 |
---------------+-------------+-----
Ranged Weapons | 6 7 8 |  8.3
Fighting       | |  1.5
Dodging        | |  2.4
Stealth        | |  1.2

Action                     |  1- 3 |  4- 6 || total
---------------------------+-------+-------++-------
   Fire: Shortbow          |   113 |    38 ||   151
    Use: Scroll            |     5 |       ||     5
         Potion            |     1 |       ||     1
 Armour: Leather armour    |    14 |    11 ||    25
  Dodge: Dodged            |    11 |     6 ||    17

Table legend:
 A = Non-vault XP
 B = Vault XP
 C = Vault XP percentage of total XP
 D = Non-vault monster count
 E = Vault monster count
 F = Vault count percentage of total count
                 A         B        C        D         E       F
            +---------+---------+-------+---------+---------+-------
      Total |     184 |       4 |   2.1 |      54 |       2 |   3.6
            +---------+---------+-------+---------+---------+-------
        D:1 |      30 |       4 |  11.8 |      16 |       2 |  11.1
        D:2 |      46 |       0 |   0.0 |      19 |       0 |   0.0
        D:3 |     108 |       0 |   0.0 |      19 |       0 |   0.0
            +---------+---------+-------+---------+---------+-------
